 Dungeon Crawl Stone Soup version 0.27.1 (webtiles) character file.

Game seed: 9355351888115577861

116 Orcmeat the Digger (level 5, -9/46 HPs)
             Began as a Gargoyle Earth Elementalist on Aug 25, 2021.
             Killed by divine providence
             ... invoked by an orc priest
              (13 damage)
             ... on level 3 of the Dungeon.
             The game lasted 00:12:00 (4452 turns).

Orcmeat the Digger (Gargoyle Earth Elementalist)    Turns: 4452, Time: 00:12:00

Health: -9/46      AC: 22    Str: 18    XL:     5   Next: 1%
Magic:  8/8        EV:  2    Int: 16    God:
Gold:   135        SH:  0    Dex: 10    Spells: 4/8 levels left

rFire    . . .     SeeInvis .   a - +0 spear
rCold    . . .     Faith    .   (no shield)
rNeg     + + +     Spirit   .   (armour currently unavailable)
rPois    ∞         Reflect  .   (helmet currently unavailable)
rElec    .         Harm     .   (cloak currently unavailable)
rCorr    .         Rampage  .   (gloves currently unavailable)
Will     .....     NoTele   +   (boots currently unavailable)
Stlth    ++........             (no amulet)
HPRegen  0.15/turn              p - +6 ring of strength
MPRegen  0.11/turn              (no ring)

@: mighty, tree-form, hasted, very quick
A: stationary, stasis, torment immunity, boosted hp, sickness immunity, AC +4,
negative energy resistance 1, (electricity resistance), torment resistance 1,
petrification resistance
a: no special abilities


You were on level 3 of the Dungeon.
You were a tree.
You visited 1 branch of the dungeon, and saw 3 of its levels.

You collected 135 gold pieces.

Inventory:

Hand Weapons
 a - a +0 spear (weapon)
 b - a +0 dagger of venom
 d - a +0 mace
 g - a +0 dagger
Missiles
 h - 3 datura-tipped darts (quivered)
 m - 30 poisoned darts
 o - 6 stones
Armour
 i - a +0 robe (melded)
Jewellery
 p - a +6 ring of strength (left branch)
Scrolls
 k - a scroll of blinking
 n - a scroll of amnesia {unknown}
 q - a scroll of noise {unknown}
Potions
 l - a potion of resistance {unknown}


   Skills:
 + Level 2.5 Fighting
 + Level 2.5 Dodging
 - Level 2.1 Stealth
 - Level 2.0 Spellcasting
 + Level 1.1 Conjurations
 - Level 0.7 Transmutations
 + Level 4.7 Earth Magic


You had 4 spell levels left.
You knew the following spells:

 Your Spells              Type           Power      Damage    Failure   Level
a - Sandblast             Erth           32%        2d9       3%          1
s - Stone Arrow           Conj/Erth      22%        3d8       19%         3

Your spell library contained the following spells:

 Spells                   Type           Power      Damage    Failure   Level
 Passwall                 Tmut/Erth      8%         N/A       11%         2
 Petrify                  Tmut/Erth      10%        N/A       56%         4


Dungeon Overview and Level Annotations

Branches:
Dungeon (3/15)

Altars:

Annotations:
D:2 Natasha


Innate Abilities, Weirdness & Mutations

You are a tree.
Your roots penetrate the ground, keeping you stationary.
You cannot be teleported.
You are immune to unholy pain and torment.
Your maximum health is greatly increased.
Your equipment is partially melded.
You are immune to sickness and miasma.
((Your stone body is resilient. (AC +4)))
You are immune to poison.
You resist negative energy. (rN+)
((You are resistant to electric shocks. (rElec)))
You are resistant to unholy torment.
You are immune to petrification.


Message History

The orc priest begins to cast a cantrip, but forgets the words!
The orc priest calls upon Beogh to heal the orc.
The orc's wounds heal themselves!
As you read the scroll labelled ZANNUUGIHEF, it crumbles to dust.
It is a scroll of identify.
k - a scroll of blinking The orc hits you but does no damage.
It was a potion of lignification.
You turn into a tree.
Your +0 robe melds into your body.
Your roots penetrate the ground.
You closely miss the orc. The orc hits you but does no damage.
You hit the orc.
The orc is lightly wounded.
The orc completely misses you.
The orc priest hits you but does no damage.
You closely miss the orc.
The orc is lightly wounded.
The orc hits you but does no damage.
It was a potion of might.
You feel very mighty all of a sudden. The orc completely misses you.
The orc priest hits you with a +0 dagger.
* * * LOW HITPOINT WARNING * * *
It was a potion of haste.
You feel yourself speed up. The orc hits you but does no damage.
The orc priest hits you but does no damage.
The orc priest hits you with a +0 dagger.
* * * LOW HITPOINT WARNING * * *
You closely miss the orc.
The orc is lightly wounded.
The orc hits you but does no damage.
The orc priest hits you but does no damage.
You puncture the orc priest!
The orc priest is severely wounded.
The orc priest hits you but does no damage.
You closely miss the orc priest.
The orc priest is severely wounded.
The orc hits you but does no damage.
The orc priest invokes the aid of Beogh against you.
Beogh smites you!
You die...

#.......oo..#######
#..###.####.......# #..#
#.###..#...#.#
#..###o##...#...#.######
#..).o.###..#...#......#
##.##### ####...######.#
####.### ##.....## #.#
#......## #..o....# #.#
#.......#
##.o♣o...####.##
#..#.#..#
#≈.≈...≈.≈##...##
#.o#.#..#
#≈≈≈≈≈≈.≈≈#.....#
#....#..#
#≈≈≈≈≈≈≈≈≈#.....#
##....#..#
##≈≈≈≈≈≈≈##.....#
.........+
#≈≈≈≈≈≈≈#.....##
##.......#
##≈≈≈≈≈###.<.##
#.#....## ####### ##..#
#...#### ##.#


You could see 2 orc priests and an orc.

Vanquished Creatures
  Jessica (D:2)
  2 worms (D:2)
  2 dart slugs (D:2)
  7 ball pythons
  4 endoplasms
  6 giant cockroaches
  10 goblins
  5 hobgoblins
  6 jackals (D:1)
  6 quokkas
  9 bats
  3 frilled lizards
  3 kobolds
  7 rats
71 creatures vanquished.

Notes
Turn   | Place    | Note
-------+----------+-------------------------------------------
     0 | D:1      | Orcmeat the Gargoyle Earth Elementalist began the quest for
                  | the Orb.
     0 | D:1      | Reached XP level 1. HP: 10/10 MP: 3/3
   107 | D:1      | Reached XP level 2. HP: 6/16 MP: 0/5
   323 | D:1      | Reached skill level 1 in Fighting
   448 | D:1      | Reached skill level 4 in Earth Magic
   757 | D:1      | Reached XP level 3. HP: 20/20 MP: 4/6
  2509 | D:2      | Learned a level 3 spell: Stone Arrow
  2652 | D:2      | Reached XP level 4. HP: 17/26 MP: 7/7
  2932 | D:2      | Found a faded altar of an unknown god.
  2940 | D:2      | Noticed Jessica
  3207 | D:2      | Noticed Natasha
  3480 | D:2      | Killed Jessica
  3481 | D:2      | Reached skill level 1 in Conjurations
  4209 | D:3      | Reached XP level 5. HP: 24/31 MP: 8/8
  4452 | D:3      | Killed from afar by an orc priest

Illustrated notes

Levels and vault maps discovered:
D:1:      psy_arrival_terrarium, layout_basic
D:2:      cheibrodos_greedy_goblins, layout_basic,
          ebering_ecumenical_altar_abandoned, patterned_corridor, uniq_jessica,
          uniq_natasha
D:3:      layout_loops_corners, nicolae_underground_beach

Skill      XL: |  1  2  3  4 |
---------------+-------------+-----
Fighting       | 1 2 |  2.5
Earth Magic    | 4 |  4.7
Dodging        | 2 |  2.5
Conjurations   | 1 |  1.1
Stealth        | |  2.1
Spellcasting   | |  2.0
Transmutations | |  0.7

Action                   |  1- 3 |  4- 6 || total
-------------------------+-------+-------++-------
Melee: Unarmed           |     3 |       ||     3
       Spear             |   112 |   134 ||   246
       Dagger            |     4 |     1 ||     5
 Cast: Sandblast         |    35 |       ||    35
  Use: Potion            |       |     3 ||     3
       Scroll            |       |     1 ||     1
 Stab: Sleeping          |     5 |       ||     5
Armor: Robe              |    46 |    34 ||    80
       Skin              |       |     9 ||     9
Dodge: Dodged            |   105 |    73 ||   178
